 Dungeon Crawl Stone Soup version 0.29.1-4-g47bece8355 (webtiles) character file.

Game seed: 5944716268851513400

159 ChadusMaximus the Caller (level 5, 0/28 HPs)
             Began as a Deep Elf Summoner on Dec 3, 2022.
             Killed from afar by Blork the orc (10 damage)
             ... with a puff of frost
             ... on level 4 of the Dungeon.
             The game lasted 00:06:18 (3401 turns).

ChadusMaximus the Caller (Deep Elf Summoner)        Turns: 3401, Time: 00:06:19

Health: 0/28       AC:  3    Str:  5    XL:     5   Next: 17%
Magic:  7/13       EV: 14    Int: 22    God:
Gold:   95         SH:  0    Dex: 21    Spells: 4/12 levels left

rFire   . . .      SeeInvis .   p - +0 halberd
rCold   . . .      Faith    .   (shield currently unavailable)
rNeg    . . .      Spirit   .   a - +0 robe
rPois   .          Reflect  .   f - +0 helmet
rElec   .          Harm     .   (no cloak)
rCorr   .          Rampage  .   (no gloves)
Will    +....                   (no boots)
Stlth   +++.......              (no amulet)
HPRegen 0.09/turn               e - ring of willpower
MPRegen 0.13/turn               o - +6 ring of dexterity

@: no status effects
A: no striking features
a: no special abilities


You were on level 4 of the Dungeon.
You visited 1 branch of the dungeon, and saw 4 of its levels.

You collected 95 gold pieces.

Inventory:

Hand Weapons
 j - a +0 short sword
 p - a +0 halberd (weapon)
Armour
 a - a +0 robe (worn)
 f - a +0 helmet (worn)
Jewellery
 e - a ring of willpower (left hand)
 o - a +6 ring of dexterity (right hand)
 s - a ring of willpower
Scrolls
 c - 3 scrolls of teleportation {unknown}
 h - 2 scrolls of fear {unknown}
 l - 2 scrolls of identify {unknown}
 n - 2 scrolls of fog {unknown}
 q - a scroll of enchant armour {unknown}
 r - a scroll of amnesia {unknown}
Potions
 b - 2 potions of magic
 d - 2 potions of curing {unknown}
 g - a potion of berserk rage {unknown}
 i - 3 potions of brilliance {unknown}
 k - 3 potions of attraction {unknown}
 m - a potion of flight {unknown}
 t - a potion of haste {unknown}


   Skills:
 + Level 3.8 Dodging
 - Level 3.0 Stealth
 + Level 4.4 Spellcasting
 * Level 5.7 Summonings


You had 4 spell levels left.
You knew the following spells:

 Your Spells              Type           Power      Damage    Failure   Level
a - Summon Small Mammal   Summ           100%       N/A       1%          1
b - Call Canine Familiar  Summ           30%        N/A       3%          3
c - Summon Lightning Spi  Summ/Air       17%        N/A       32%         4

Your spell library contained the following spells:

 Spells                   Type           Power      Damage    Failure   Level
 Call Imp                 Summ           30%        N/A       1%          2
 Summon Guardian Golem    Hex/Summ       17%        N/A       10%         3


Dungeon Overview and Level Annotations

Branches:
Dungeon (4/15)
 Temple: D:4-7

Altars:
Hepliaklqana
Trog

Shops:
D:2 [

Annotations:
D:4 Blork the orc


Message History

Casting: Summon Small Mammal (safe; 1% risk of failure)
Confirm with . or Enter, or press ? or * to list all spells.
Your bat closely misses Blork the orc.
Blork the orc attacks as you move away! Blork the orc misses you.
Blork the orc hits your hound with a +0 battleaxe!
Your bat hits Blork the orc but does no damage.
Blork the orc hits you with a +0 battleaxe!
Blork the orc closely misses your hound.
Blork the orc barely misses your bat.
Unknown command.
Blork the orc attacks as you move away! Blork the orc closely misses you.
Blork the orc closely misses your hound.
Your hound bites Blork the orc.
Your bat hits Blork the orc. Blork the orc barely misses your bat.
Blork the orc misses your hound.
The endoplasm hits your hound but does no damage.
Your hound bites Blork the orc.
Your hound barely misses Blork the orc.
Your bat hits Blork the orc.
Blork the orc gestures at your bat while chanting.
The magic dart hits your bat.
Your bat dies!
Your bat's corpse disappears in a puff of smoke!
The endoplasm closely misses your hound.
Blork the orc shouts!
Casting: Call Canine Familiar (dangerous; 3% risk of failure)
Confirm with . or Enter, or press ? or * to list all spells.
Your hound closely misses Blork the orc.
The endoplasm barely misses your hound.
Your bat closely misses Blork the orc.
Your bat hits Blork the orc.
Casting: Summon Small Mammal (safe; 1% risk of failure)
Confirm with . or Enter, or press ? or * to list all spells.
Your bat misses Blork the orc. Blork the orc misses you.
Blork the orc hits your quokka with a +0 battleaxe.
Blork the orc hits your hound with a +0 battleaxe!
Your hound dies!
Your hound's corpse disappears in a puff of smoke!
Blork the orc closely misses your bat.
Your bat hits Blork the orc but does no damage.
Blork the orc points at you and mumbles some strange words.
The puff of frost hits you!
You die...

#### .^.## ###########
## #..# #.........# #..
#.## #.........#
...###$.#####.........#
. ................<....#
....##....b..........<.#
........J.§o.@.........#
............r..........#
.......................#
.##.##........##########
.. ..........# ##
.............
#...........#..
#...##.########


You could see Blork the orc (fast, ally target), an endoplasm, a friendly quokka
(summoned) and a friendly bat (summoned).

Vanquished Creatures
  A hound (D:3)
  An adder (D:2)
  2 ball pythons
  4 bats
  2 endoplasms (D:3)
  A giant cockroach (D:2)
  2 hobgoblins
  2 jackals (D:3)
  2 quokkas
  5 goblins (D:2)
  A kobold (D:2)
  A rat (D:2)
24 creatures vanquished.

Vanquished Creatures (collateral kills)
  Robin (D:2)
  3 gnolls (D:2)
  3 dart slugs
  2 ball pythons (D:3)
  4 bats (D:1)
  6 endoplasms
  12 goblins
  3 hobgoblins (D:2)
  2 quokkas (D:1)
  2 frilled lizards (D:2)
  8 kobolds
  2 rats
48 creatures vanquished.

Grand Total: 72 creatures vanquished

Notes
Turn   | Place    | Note
-------+----------+-------------------------------------------
     0 | D:1      | ChadusMaximus the Deep Elf Summoner began the quest for the
                  | Orb.
     0 | D:1      | Reached XP level 1. HP: 10/10 MP: 6/6
     2 | D:1      | Noticed an elf
     4 | D:1      | Noticed a vine stalker
     4 | D:1      | Noticed an octopode
     6 | D:1      | Noticed a naga
     6 | D:1      | Noticed a palentonga
     9 | D:1      | Noticed a spriggan
    11 | D:1      | Noticed a troll
    11 | D:1      | Noticed a demonspawn
    13 | D:1      | Noticed a demigod
    13 | D:1      | Noticed a vampire
    15 | D:1      | Noticed a tengu
    15 | D:1      | Noticed an ogre
    17 | D:1      | Noticed a minotaur
    17 | D:1      | Noticed a formicid
    19 | D:1      | Noticed a merfolk
    19 | D:1      | Noticed a human
    21 | D:1      | Noticed a meteoran
    21 | D:1      | Noticed a ghoul
    23 | D:1      | Noticed a felid
    23 | D:1      | Noticed a draconian
    25 | D:1      | Noticed a gargoyle
    25 | D:1      | Noticed a naga
    27 | D:1      | Noticed a spriggan
    27 | D:1      | Noticed a vampire
   266 | D:1      | Reached XP level 2. HP: 15/15 MP: 6/8
  1338 | D:2      | Reached XP level 3. HP: 17/19 MP: 8/10
  1342 | D:2      | Learned a level 3 spell: Call Canine Familiar
  1392 | D:2      | Found a bloodstained altar of Trog.
  1538 | D:2      | Reached skill level 5 in Summonings
  1587 | D:2      | Noticed Robin
  1605 | D:2      | Reached XP level 4. HP: 17/24 MP: 6/11
  1611 | D:2      | Killed Robin
  2043 | D:2      | Found Hubaloi's Armour Emporium.
  2329 | D:2      | Found a faded altar of an unknown god.
  2648 | D:3      | Reached XP level 5. HP: 21/28 MP: 13/13
  2777 | D:3      | Found a bloodstained altar of Trog.
  2995 | D:3      | Found a hazy altar of Hepliaklqana.
  3360 | D:4      | Learned a level 4 spell: Summon Lightning Spire
  3383 | D:4      | Noticed Blork the orc
  3401 | D:4      | Killed from afar by Blork the orc

Illustrated notes

Levels and vault maps discovered:
D:1:      kb_arrival_jail, layout_loops_ring
D:2:      kennysheep_the_goblin_king, layout_basic, basic_altar,
          dreamdust_ecumenical_altar_angels_and_demons, serial_shops, shop,
          uniq_robin
D:3:      layout_loops_ring, mainiacjoe_overflow_paths,
          mainiacjoe_overflow_cross_hatched
D:4:      layout_rooms, nemelex_altar_shiori, nicolae_overflow_hidden_temple,
          serial_shops, shop_fountains, uniq_blork_the_orc, uniq_pikel

Skill      XL: |  1  2  3  4 |
---------------+-------------+-----
Stealth        | 3 |  3.0
Dodging        | 3 |  3.8
Summonings     | 5 |  5.7
Spellcasting   | 4 |  4.4

Action                   |  1- 3 |  4- 6 || total
-------------------------+-------+-------++-------
Melee: Unarmed           |     1 |       ||     1
       Short sword       |     9 |       ||     9
       Halberd           |     9 |    54 ||    63
 Cast: Summon Small Mamm |    59 |     7 ||    66
       Call Canine Famil |     2 |     6 ||     8
 Stab: Sleeping          |       |     5 ||     5
       Distracted        |       |     1 ||     1
Armor: Robe              |    16 |    13 ||    29
Dodge: Dodged            |    34 |    59 ||    93
